 Dungeon Crawl Stone Soup version 0.30-a0-305-g026cb31310 (webtiles) character file.

Game seed: 13889060382265972825

22880 Pooter the Cleaver (level 12, -1/174 HPs)
             Began as a Minotaur Berserker on Oct 22, 2022.
             Was an Elder of Trog.
             Killed from afar by a lindwurm (19 damage)
             ... with a blast of flame
             ... in a volcano on Oct 23, 2022.
             The game lasted 01:01:16 (14262 turns).

Pooter the Cleaver (Minotaur Berserker)            Turns: 14262, Time: 01:01:17

Health: -1/174     AC: 20    Str: 24    XL:     12   Next: 66%
Magic:  0/11       EV:  7    Int:  4    God:    Trog [****..]
Gold:   924        SH:  0    Dex: 13    Spells: 11/11 levels left

rFire   . . .      SeeInvis .    a - +3 battleaxe
rCold   . . .      Faith    .    (shield currently unavailable)
rNeg    . . .      Spirit   +    V - +0 plate armour
rPois   .          Reflect  .    (helmet restricted)
rElec   .          Harm     .    O - +2 cloak
rCorr   .          Rampage  .    g - +0 pair of gloves
Will    ++...                    i - +0 pair of boots
Stlth   ..........               G - amulet of guardian spirit
HPRegen 1.49/turn                r - +4 ring of protection
MPRegen 0.12/turn                y - ring of flight

@: berserking (expiring), strong-willed (expiring), flying, regenerating
(expiring), very quick
A: horns 2, retaliatory headbutt
a: Renounce Religion, Berserk, Trog's Hand, Brothers in Arms


You were in a volcano.
You worshipped Trog.
Trog was greatly pleased with you.
You visited 2 branches of the dungeon, and saw 13 of its levels.
You also visited: Volcano.

You collected 924 gold pieces.

Inventory:

Hand Weapons
 a - a +3 battleaxe (weapon)
   (You took it off a wight on level 7 of the Dungeon)
 b - a +0 shortbow of freezing
   (You took it off a centaur on level 6 of the Dungeon)
 n - a +0 hand axe
 J - a +0 quarterstaff
   (You found it on level 2 of the Dungeon)
 K - a +3 war axe of freezing
   (You took it off a wight on level 7 of the Dungeon)
 T - a +0 sling
   (You took it off a goblin on level 3 of the Dungeon)
Missiles
 e - a throwing net {!f}
 u - 30 poisoned darts (quivered)
 B - 6 javelins
 D - a boomerang
 L - 2 curare-tipped darts
 Q - 160 stones
Armour
 g - a +0 pair of gloves (worn)
   (You found it on level 1 of the Dungeon)
 i - a +0 pair of boots (worn)
   (You found it on level 10 of the Dungeon)
 O - a +2 cloak (worn)
   (You found it on level 9 of the Dungeon)
 V - a +0 plate armour (worn)
   (You found it on level 1 of the Lair of Beasts)
Jewellery
 c - a +6 ring of intelligence
   (You found it on level 1 of the Dungeon)
 r - a +4 ring of protection (left hand)
   (You found it on level 3 of the Dungeon)
 y - a ring of flight (right hand)
   (You found it on level 4 of the Dungeon)
 G - an amulet of guardian spirit (around neck)
   (You found it on level 10 of the Dungeon)
Wands
 f - a wand of flame (50)
   (You found it on level 7 of the Dungeon)
 m - a wand of charming (7)
   (You found it on level 10 of the Dungeon)
 M - a wand of mindburst (5)
   (You found it on level 8 of the Dungeon)
 P - a wand of roots (9)
   (You found it on level 9 of the Dungeon)
 U - a wand of light (2)
   (You found it on level 10 of the Dungeon)
Scrolls
 j - 5 scrolls of immolation {!r}
 k - 2 scrolls of poison {!r}
 p - 2 scrolls of silence
 q - 3 scrolls of magic mapping
 t - 5 scrolls of teleportation {@r4}
 w - a scroll of fear
 A - 4 scrolls of blinking
 C - 2 scrolls of fog
 I - 2 scrolls of noise {!r}
 N - a scroll of summoning
Potions
 d - 2 potions of resistance {unknown}
 h - 5 potions of heal wounds {@q2}
 l - 5 potions of curing {unknown}
 o - 5 potions of might
 s - 2 potions of flight
 x - a potion of haste {@q3}
 z - 3 potions of cancellation
 E - 3 potions of degeneration {unknown}
 F - a potion of invisibility {unknown}
 H - 2 potions of attraction {unknown}
 R - 2 potions of lignification {unknown}
 S - a potion of ambrosia {unknown}


   Skills:
 + Level 13.8 Fighting
 * Level 14.0 Axes
 * Level 13.7 Ranged Weapons
 - Level 2.4 Armour
 - Level 2.1 Dodging
 - Level 6.2 Evocations


You had 11 spell levels left.
You didn't know any spells.
Your spell library was empty.

Dungeon Overview and Level Annotations

Branches:
Dungeon (10/15)            Temple (0/1) D:4            Lair (3/5) D:8
 Shoals (0/4) Lair:3       Spider (0/4) Lair:2      Volcano (1/1)
    Orc: D:9-12

Altars:
Cheibriados
Dithmenos
Elyvilon
Gozag
Kikubaaqudgha
Vehumet
Xom

Shops:
D:1 (

Annotations:
D:5 2 runed translucent doors, sirJeffrey23's ghost, novice OpTm
D:8 3 runed translucent doors, Ekaitz's ghost, novice DsFE
Lair:3 3 runed translucent doors, Iich's ghost, journeyman MiBe


Innate Abilities, Weirdness & Mutations

You have a pair of horns on your head.
You reflexively headbutt those who attack you in melee.


Message History

The molten gargoyle completely resists.
The blast of flame hits you!! The molten gargoyle barely misses you.
You hit the molten gargoyle but do no damage.
The molten gargoyle blasts magma at you!
The bolt of magma hits you! The lindwurm breathes flames at you.
The blast of flame hits the molten gargoyle.
The molten gargoyle completely resists.
The blast of flame hits you!!
* * * LOW HITPOINT WARNING * * *
Your skin crawls.
You feel strong-willed.
The molten gargoyle blasts magma at you!
The bolt of magma hits you but does no damage.
A red film seems to cover your vision as you go berserk!
You feel yourself moving faster!
You feel mighty!
The molten gargoyle blasts magma at you!
The bolt of magma hits you but does no damage.
The molten gargoyle blasts magma at you!
The bolt of magma hits the molten gargoyle.
The molten gargoyle partially resists.
The bolt of magma misses you.
You hit the molten gargoyle but do no damage.
The lindwurm breathes flames at you.
The blast of flame hits the molten gargoyle.
The molten gargoyle completely resists.
The blast of flame hits you!!
* * * LOW MAGIC WARNING * * *
* * * LOW HITPOINT WARNING * * *
The molten gargoyle hits you but does no damage.
You slice the molten gargoyle like a ripe choko!!!
You destroy the molten gargoyle!
Trog accepts your kill.
You feel the effects of Trog's Hand fading.
Your Axes skill increases to level 14!
The molten gargoyle blasts magma at you!
The bolt of magma hits you!
* * * LOW MAGIC WARNING * * *
* * * LOW HITPOINT WARNING * * *
You see here a +0 morningstar.
You hit the molten gargoyle.
You headbutt the molten gargoyle, but do no damage.
The molten gargoyle hits you with a +0 flail of protection!
* * * LOW MAGIC WARNING * * *
* * * LOW HITPOINT WARNING * * *
You are engulfed in flames!
* * * LOW HITPOINT WARNING * * *
You slice the molten gargoyle!! You barely miss the molten gargoyle.
The lindwurm breathes flames at you. The blast of flame hits you!!
* * * LOW MAGIC WARNING * * *
You die...

#### #...# ##.... ###
#..≈≈.# #### #.# #..≈≈..
##..# ##.###
..≈≈≈≈.#####...###...≈##
..≈kk≈..##..##..#)...≈≈#
.≈≈≈≈≈.@##.#####'..∩.§§#
####≈≈9#'.##☼#≈###...≈≈#
########≈≈☼≈≈##...≈≈#
#+.≈≈≈≈≈≈##...≈≈#
≈≈≈v≈○°#...≈≈≈.'..∩.☼§#
.≈≈≈≈..###..≈..#....≈§#
.≈°°v.# ##...###...≈##
..v≈.. ##.## ##.###
#.≈≈.# #.# ###


You could see 2 lindwurms and a molten gargoyle.

Vanquished Creatures
  A two-headed ogre (D:8)
  3 death yaks (Lair:2)
  2 wolf spider zombies (D:7)
  A cyclops (D:10)
  A manticore (D:10)
  2 molten gargoyles (Volcano)
  Psyche (D:8)
  3 centaur skeletons (D:7)
  4 komodo dragons
  4 cane toads
  An efreet (Volcano)
  2 hellwings
  3 trolls
  A hornet (D:9)
  Prince Ribbit (D:8)
  2 meliai zombies (D:7)
  4 culicivoras (Lair:2)
  2 shadows
  A wraith (D:10)
  3 wyverns
  3 basilisks
  A fire elemental (Volcano)
  3 steam dragons
  30 yaks
  An acid dragon (D:10)
  4 water moccasins
  An orc warrior (D:8)
  3 black bears
  4 sky beasts
  18 wolves
  4 centaurs
  A phantom (D:5)
  2 kobold brigands
  9 bullfrogs
  2 scorpions
  3 gnoll sergeants
  An earth elemental (Volcano)
  2 necrophages
  8 wights
  12 killer bees
  4 electric eels
  4 hounds
  2 orc priests
  2 jellies (D:5)
  2 gnoll boudas
  4 iguanas
  3 orc wizards
  25 gnolls
  2 adders
  6 shadow imps
  A white imp (D:6)
  An ufetubus (D:5)
  2 worms
  A dart slug (D:1)
  11 orcs
  7 ball pythons
  4 bats
  9 endoplasms
  3 giant cockroaches
  6 hobgoblins
  5 quokkas
  2 frilled lizards
  9 goblins
  16 kobolds
  5 rats
  A fire vortex (Volcano)
291 creatures vanquished.

Vanquished Creatures (others)
  A culicivora (Lair:2)
  A fire vortex (Volcano)
  21 fungi
  36 plants
  A withered plant (D:7)
60 creatures vanquished.

Grand Total: 351 creatures vanquished

Notes
Turn   | Place    | Note
-------+----------+-------------------------------------------
     0 | D:1      | Pooter the Minotaur Berserker began the quest for the Orb.
     0 | D:1      | Reached XP level 1. HP: 19/19 MP: 0/0
    70 | D:1      | Reached XP level 2. HP: 24/27 MP: 1/1
   103 | D:1      | Reached skill level 4 in Axes
   532 | D:1      | Found Laopliar's Antique Weapon Shoppe.
   770 | D:2      | Found a shadowy altar of Dithmenos.
   880 | D:2      | Reached XP level 3. HP: 34/34 MP: 2/2
   884 | D:2      | Reached ** piety under Trog
  1081 | D:2      | Reached skill level 5 in Fighting
  1963 | D:3      | Reached XP level 4. HP: 42/42 MP: 3/3
  2540 | D:3      | Reached skill level 1 in Ranged Weapons
  2540 | D:3      | Reached XP level 5. HP: 45/50 MP: 4/4
  2831 | D:4      | Found a snail-covered altar of Cheibriados.
  2849 | D:4      | Found an ancient bone altar of Kikubaaqudgha.
  2853 | D:4      | Found an opulent altar of Gozag.
  2959 | D:4      | Reached skill level 5 in Axes
  3210 | D:4      | Found a staircase to the Ecumenical Temple.
  3228 | D:4      | Reached XP level 6. HP: 58/58 MP: 5/5
  3638 | D:5      | Entered Level 5 of the Dungeon
  4357 | D:5      | Reached XP level 7. HP: 59/66 MP: 6/6
  4482 | D:5      | Found a large runed translucent door.
  4483 | D:5      | Found a large runed translucent door.
  4486 | D:5      | Noticed sirJeffrey23's ghost (novice OpTm)
  4788 | D:6      | Reached skill level 6 in Axes
  4921 | D:6      | Noticed a steam dragon
  4930 | D:6      | Killed a steam dragon
  5005 | D:6      | Reached skill level 5 in Ranged Weapons
  5057 | D:6      | Found a radiant altar of Vehumet.
  5642 | D:7      | Reached XP level 8. HP: 60/75 MP: 7/7
  5695 | D:7      | Reached skill level 1 in Evocations
  5879 | D:7      | Noticed a troll
  5889 | D:7      | Killed a troll
  5890 | D:7      | Reached skill level 7 in Axes
  5991 | D:7      | Reached skill level 10 in Fighting
  5991 | D:7      | Reached XP level 9. HP: 85/85 MP: 8/8
  6247 | D:7      | Reached skill level 8 in Axes
  6265 | D:7      | Noticed a hellwing
  6296 | D:6      | Killed a hellwing
  6431 | D:7      | Reached XP level 10. HP: 94/96 MP: 9/9
  7241 | D:8      | Noticed Prince Ribbit
  7257 | D:8      | Killed Prince Ribbit
  7258 | D:8      | Reached skill level 9 in Axes
  7273 | D:8      | Noticed Psyche
  7281 | D:8      | Killed Psyche
  7678 | D:8      | Found a runed translucent gate.
  7679 | D:8      | Found a runed translucent gate.
  7680 | D:8      | Noticed a centaur warrior
  7680 | D:8      | Noticed Ekaitz's ghost (novice DsFE)
  7681 | D:8      | Found a runed translucent gate.
  7683 | D:8      | Noticed a cyclops
  7719 | D:8      | Reached *** piety under Trog
  7720 | D:8      | Reached skill level 10 in Ranged Weapons
  8043 | D:8      | Noticed a two-headed ogre
  8052 | D:8      | Killed a two-headed ogre
  8053 | D:8      | Reached skill level 10 in Axes
  8053 | D:8      | Reached skill level 5 in Evocations
  8343 | D:8      | Found a staircase to the Lair.
  8690 | D:9      | Reached XP level 11. HP: 27/104 MP: 10/10
  9309 | D:9      | Reached **** piety under Trog
  9443 | D:9      | Found a shimmering altar of Xom.
  9660 | D:10     | Entered Level 10 of the Dungeon
  9715 | D:10     | Reached skill level 11 in Axes
  9954 | D:10     | Found a white marble altar of Elyvilon.
 10822 | Lair:1   | Entered Level 1 of the Lair of Beasts
 11338 | Lair:1   | Reached skill level 12 in Axes
 11966 | Lair:1   | Reached XP level 12. HP: 99/115 MP: 8/11
 12573 | Lair:2   | Noticed a death yak
 12573 | Lair:2   | Noticed a death yak
 12573 | Lair:2   | Noticed a death yak
 12587 | Lair:2   | Killed a death yak
 12592 | Lair:2   | Killed a death yak
 12596 | Lair:2   | Killed a death yak
 12597 | Lair:2   | Reached skill level 13 in Axes
 13130 | Lair:2   | Found a hole to the Spider Nest.
 13801 | Lair:3   | Found a runed translucent gate.
 13803 | Lair:3   | Found a runed translucent gate.
 13803 | Lair:3   | Found a runed translucent gate.
 13918 | Lair:3   | Found a staircase to the Shoals.
 14023 | Lair:3   | Noticed a ten-headed hydra
 14026 | Lair:3   | Noticed Iich's ghost (journeyman MiBe)
 14028 | Lair:3   | Noticed a 12-headed hydra
 14093 | Lair:3   | Found a dark tunnel.
 14102 | Volcano  | Entered a volcano
 14259 | Volcano  | Reached skill level 14 in Axes
 14262 | Volcano  | Killed from afar by a lindwurm

Illustrated notes

Levels and vault maps discovered:
D:1:      amcnicky_arrival_gap_in_the_tavern_cellar, layout_basic, serial_shops,
          nicolae_shop_behind_doors, minmay_tetromino_o4
D:2:      layout_basic, basic_altar, grunt_ministairs_13,
          minmay_misc_feat_rugged, minmay_misc_feat_iff, minmay_ruptured
D:3:      layout_basic, solitary_fountain
D:4:      layout_loops_ring, minmay_overflow_temple_star_quad,
          minmay_temple_entry_gardened_gates, dk_vineyard_2,
          kennysheep_generic_room_3
D:5:      layout_loops_ring, ebering_ghost_disaster_area, serial_bayou_crossing
D:6:      layout_loops_cross, mainiacjoe_overflow_cross_hatched, fountainhead
D:7:      cheibrodos_grave_circle, layout_loops_corners
D:8:      layout_loops_cross, grunt_lair_entry_orc_guard_hut,
          gammafunk_ghost_split, serial_aquarium, aquarium_bridge_square
          [aquarium_subvault_bridge, aquarium_subvault_wall,
          aquarium_subvault_window, aquarium_subvault_bridge],
          aquarium_window_fake, aquarium_window_fake, aquarium_window_2,
          aquarium_view_2b, aquarium_view_2b, aquarium_pool_1, uniq_psyche,
          uniq_prince_ribbit1
D:9:      layout_small_grid, mainiacjoe_overflow_alcove_1,
          grunt_decor_one_mirror
D:10:     layout_loops_ring, mainiacjoe_overflow_concentric_impassable,
          nicolae_lava_and_water, kennysheep_another_room, hangedman_misty_isle
Lair:1:   layout_gridlike, lemuel_fruit_tree, serial_bayou_shore_a,
          grunt_megastairs_5
Lair:2:   layout_hall_layers, hellmonk_spider_entry_life_and_decay
Lair:3:   layout_regular_city, elwin_shoals_entry_rocks,
          nicolae_volcano_entry_lava_flow, gammafunk_ghost_hydra_chop,
          serial_bayou_pond_a, minivault_24, serial_bayou_ford_a
Volcano:  volcano_aerie

Skill      XL: |  1  2  3  4  5  6  7  8  9 10 11 12 |
---------------+-------------------------------------+-----
Fighting       | 4 5 6 7 8 10 11 12 13 | 13.8
Axes           | 4 5 6 7 8 10 12 14 | 14.0
Ranged Weapons | 1 2 3 5 7 9 10 12 13 | 13.7
Evocations     | 2 3 5 6 |  6.2
Armour         | |  2.4
Dodging        | |  2.1

Action                   |  1- 3 |  4- 6 |  7- 9 | 10-12 || total
-------------------------+-------+-------+-------+-------++-------
Melee: Hand axe          |    62 |       |       |       ||    62
       Headbutt          |    12 |    13 |    28 |    69 ||   122
       Quarterstaff      |    18 |   101 |   118 |    10 ||   247
       Battleaxe         |       |       |       |   360 ||   360
 Fire: Sling             |       |    29 |    15 |       ||    44
       Shortbow          |       |       |    33 |    86 ||   119
Throw: Dart              |       |     9 |     3 |     3 ||    15
       Javelin           |       |       |     1 |     5 ||     6
Invok: Berserk           |       |     2 |     9 |    19 ||    30
       Trog's Hand       |       |     3 |     4 |     9 ||    16
Evoke: Wand              |       |       |       |    12 ||    12
  Use: Scroll            |     2 |     7 |     1 |     7 ||    17
       Potion            |       |       |       |     3 ||     3
Armor: Animal skin       |     7 |       |       |       ||     7
       Ring mail         |    21 |     5 |       |       ||    26
       Chain mail        |       |    63 |   136 |   226 ||   425
       Plate armour      |       |       |       |    88 ||    88
Dodge: Dodged            |    43 |    42 |    88 |   189 ||   362

Table legend: (Time is in decaauts)
 A = Elapsed time spent in this place.
 B = Non-inter-level travel time spent in this place.
 C = Inter-level travel time spent in this place.
 D = Time resting spent in this place.
 E = Time spent auto-exploring this place.
 F = Levels seen in this place.
 G = Mean time per level.
                   A        B        C        D        E       F      G
               +--------+--------+--------+--------+--------+-----+--------+
         Total |  14622 |  14292 |    330 |   3445 |   8389 |  14 | 1044.4 |
       Dungeon |  11136 |  10856 |    280 |   2561 |   6387 |  10 | 1113.6 |
          Lair |   3317 |   3267 |     50 |    795 |   2002 |   3 | 1105.7 |
       Volcano |    168 |    168 |      0 |     88 |      0 |   1 |  168.0 |
               +--------+--------+--------+--------+--------+-----+--------+

Top non-repeatable levels by time:
     D:7: 1638 daAuts
     D:8: 1525 daAuts
  Lair:2: 1492 daAuts
     D:9: 1349 daAuts
  Lair:1: 1256 daAuts
     D:3: 1205 daAuts
     D:5: 1078 daAuts
     D:6: 929 daAuts
    D:10: 925 daAuts
     D:2: 887 daAuts
     D:4: 850 daAuts
     D:1: 745 daAuts
  Lair:3: 568 daAuts
 Volcano: 168 daAuts
